Map: Frozen Temple

Players

MRCHANGYAI

  • Race: Protoss Protoss
  • League: Gold
  • Spawn Location: 5:00

Fropez - Winner!

  • Race: Protoss Protoss
  • League: Gold
  • Spawn Location: 11:00

VOD

Have the link to the VOD?

Description

Time

  • Played on: Sept. 26, 2016, 3:15 p.m.
  • Length: 20:07
Show
View Real Time Build Order
Export as new Build Order

MRCHANGYAI Protoss 

Build Orders:  

Get SALT Encoding   

  12  0:02  Probe (Chrono Boost)  
  13  0:13  Probe (Chrono Boost)  
  14  0:22  Pylon  
  14  0:24  Probe (Chrono Boost)  
  15  0:40  Probe (Chrono Boost)  
  15  0:41  Gateway  
  16  0:45  Assimilator  
  16  0:51  Probe (Chrono Boost)  
  17  1:01  Probe (Chrono Boost)  
  18  1:12  Probe (Chrono Boost)  
  19  1:29  Cybernetics Core  
  19  1:31  Probe (Chrono Boost)  
  20  1:46  Probe (Chrono Boost)  
  21  1:54  Nexus  
  21  1:57  Pylon  
  21  2:01  Probe (Chrono Boost)  
  22  2:08  Warp Gate  
  22  2:11  Probe (Chrono Boost)  
  23  2:21  Forge  
  25  2:22  Mothership Core (Chrono Boost)  
  25  2:30  Pylon  
  25  2:43  Assimilator  
  25  2:44  Pylon  
  25  2:48  Probe (Chrono Boost)  
  25  2:51  Stalker  
  28  3:00  Probe (Chrono Boost)  
  29  3:05  Photon Cannon  
  29  3:13  Probe (Chrono Boost)  
  29  3:14  Probe (Chrono Boost)  
  31  3:20  Pylon  
  31  3:24  Probe (Chrono Boost)  
  31  3:25  Stalker  
  34  3:44  Photon Cannon  
  24  4:31  Stalker  
  24  4:36  Gateway  
  24  4:38  Gateway  
  26  4:48  Photon Cannon  
  26  4:52  Photon Cannon  
  26  5:03  Robotics Facility  
  26  5:05  Protoss Ground Weapons Level 1  
  26  5:12  Pylon  
  26  5:15  Pylon  
  26  5:17  Probe x2 (Chrono Boost)  
  28  5:25  Gateway  
  28  5:27  Gateway  
  28  5:39  Probe x2 (Chrono Boost)  
  30  5:49  Stalker  
  32  5:51  Stalker x2  
  38  5:57  Probe x2 (Chrono Boost)  
  38  6:07  Probe (Chrono Boost)  
  38  6:08  Probe (Chrono Boost), Assimilator  
  40  6:27  Pylon, Stalker x2  
  40  6:29  Probe x2 (Chrono Boost)  
  40  6:32  Observer  
  47  6:38  Stalker  
  49  6:43  Sentry x2  
  53  6:48  Probe (Chrono Boost)  
  53  6:49  Probe (Chrono Boost)  
  55  6:56  Immortal  
  59  7:05  Probe x2 (Chrono Boost)  
  61  7:08  Stalker  
  48  7:40  Stalker x2  
  50  7:51  Probe x2 (Chrono Boost)  
  50  7:54  Stalker  
  50  7:55  Stalker  
  56  8:04  Probe x2 (Chrono Boost)  
  58  8:15  Probe x2 (Chrono Boost)  
  58  8:16  Sentry x2  
  36  9:08  Stalker x2  
  36  9:09  Stalker x3  
  42  9:11  Immortal  
  42  9:15  Probe x2 (Chrono Boost)  
  39  9:39  Zealot x3  
  39  9:40  Zealot  
  42  9:55  Stalker  
  31  10:27  Pylon  
  31  10:30  Pylon  
  31  10:34  Pylon, Stalker  
  31  10:35  Stalker  
  36  10:43  Probe x2 (Chrono Boost)  
  37  10:53  Zealot  
  37  10:56  Probe x2 (Chrono Boost)  
  45  11:02  Pylon  
  41  11:34  Zealot  
  41  11:35  Zealot x3  
  49  11:43  Immortal  
  49  11:51  Pylon  
  49  11:53  Pylon  
  49  11:58  Pylon  
  47  12:53  Zealot  
  47  12:54  Zealot x4  
  39  13:28  Probe (Chrono Boost)  
  39  13:29  Probe (Chrono Boost)  
  39  13:32  Stalker  
  43  13:36  Nexus  
  43  13:39  Pylon  
  43  13:42  Pylon  
  43  13:50  Pylon  
  43  14:01  Probe x2 (Chrono Boost)  
  45  14:21  Photon Cannon  
  45  14:24  Photon Cannon  
  39  14:56  Probe x2 (Chrono Boost)  
  41  15:05  Stalker  
  43  15:13  Photon Cannon  
  43  15:20  Probe x2 (Chrono Boost)  
  39  15:48  Stalker  
  37  16:03  Probe x3 (Chrono Boost)  
  40  16:11  Assimilator  
  40  16:13  Probe (Chrono Boost)  
  40  16:17  Zealot x4  
  47  16:45  Stalker x3  
  51  17:00  Stalker  
  50  17:08  Probe x2 (Chrono Boost)  
  50  17:09  Probe (Chrono Boost)  
  51  17:25  Probe x3 (Chrono Boost)  
  51  17:27  Zealot  
  56  17:48  Stalker x2  
  52  18:25  Stalker x3  
  43  19:03  Zealot  
  43  19:04  Zealot x2  
  49  19:13  Probe x3 (Chrono Boost)  
  54  19:24  Mothership Core (Chrono Boost)  
  54  19:25  Pylon  
  54  19:27  Pylon  
  54  19:30  Pylon  
  54  19:32  Pylon  
  33  20:01  Stalker x3  
Show
View Real Time Build Order
Export as new Build Order

Fropez Protoss - Winner!

Build Orders:  

Get SALT Encoding   

  12  0:01  Probe (Chrono Boost)  
  13  0:23  Pylon  
  13  0:24  Probe (Chrono Boost)  
  14  0:30  Assimilator  
  14  0:34  Probe (Chrono Boost)  
  15  0:46  Gateway  
  15  0:47  Probe (Chrono Boost)  
  16  0:57  Probe (Chrono Boost)  
  17  1:05  Gateway  
  17  1:08  Probe (Chrono Boost)  
  18  1:18  Probe (Chrono Boost)  
  18  1:25  Assimilator  
  19  1:29  Probe (Chrono Boost)  
  20  1:33  Cybernetics Core  
  21  1:40  Probe (Chrono Boost)  
  21  1:50  Probe (Chrono Boost)  
  22  2:01  Probe (Chrono Boost)  
  23  2:11  Warp Gate (Chrono Boost)  
  23  2:26  Pylon  
  23  2:39  Pylon  
  23  2:44  Adept x2  
  23  2:45  Mothership Core  
  23  2:47  Nexus  
  29  3:06  Probe  
  29  3:11  Adept x2  
  34  3:18  Probe  
  35  3:21  Pylon  
  35  3:27  Pylon  
  35  3:33  Pylon  
  35  3:39  Pylon  
  35  3:43  Pylon  
  30  4:19  Probe  
  31  4:31  Probe  
  32  4:34  Gateway  
  32  4:36  Gateway  
  30  4:38  Robotics Facility  
  30  4:39  Pylon  
  28  4:51  Twilight Council  
  28  4:59  Probe  
  29  5:00  Probe  
  29  5:06  Adept x2  
  34  5:11  Probe x2  
  34  5:12  Forge  
  36  5:17  Resonating Glaives (Chrono Boost)  
  36  5:18  Pylon  
  36  5:21  Probe  
  36  5:23  Probe  
  38  5:32  Probe  
  39  5:39  Warp Prism (Chrono Boost)  
  41  5:43  Probe  
  41  5:45  Protoss Ground Weapons Level 1 (Chrono Boost)  
  42  5:53  Gateway  
  42  5:58  Probe  
  42  5:59  Assimilator  
  43  6:06  Adept x2  
  47  6:12  Probe  
  47  6:14  Adept x2  
  47  6:17  Probe  
  53  6:23  Assimilator  
  53  6:24  Probe  
  54  6:42  Immortal  
  58  6:59  Adept  
  58  7:00  Adept  
  58  7:01  Adept x2  
  52  7:48  Dark Shrine  
  52  7:50  Adept x4  
  58  7:56  Immortal  
  58  7:59  Assimilator  
  58  8:01  Pylon  
  58  8:02  Pylon  
  58  8:04  Protoss Ground Weapons Level 2 (Chrono Boost)  
  58  8:05  Pylon  
  62  8:07  Pylon  
  62  8:14  Adept  
  62  8:15  Adept x3  
  62  8:19  Probe  
  71  8:28  Nexus  
  59  8:46  Adept x4  
  59  9:03  Probe  
  59  9:07  Probe  
  61  9:16  Probe  
  60  9:19  Probe  
  61  9:24  Adept x2  
  61  9:25  Adept x3  
  61  10:05  Adept x3  
  61  10:06  Adept x2  
  57  10:23  Probe x2  
  53  10:29  Assimilator  
  53  10:31  Assimilator  
  53  10:34  Pylon  
  53  10:35  Pylon  
  49  10:37  Probe  
  49  10:38  Probe x2  
  49  10:39  Pylon  
  49  10:42  Pylon  
  52  10:43  Protoss Ground Weapons Level 3 (Chrono Boost)  
  52  10:45  Dark Templar x4  
  52  10:46  Dark Templar  
  52  10:49  Pylon  
  52  11:34  Probe  
  52  11:35  Probe x2  
  55  11:44  Probe  
  56  11:53  Robotics Facility  
  56  11:55  Probe x2  
  56  11:57  Robotics Facility  
  56  12:00  Robotics Facility  
  58  12:01  Probe  
  58  12:05  Nexus  
  58  12:07  Probe  
  60  12:09  Assimilator  
  60  12:10  Assimilator  
  60  12:12  Adept x3  
  60  12:13  Adept x2  
  60  12:14  Pylon  
  69  12:17  Pylon  
  69  12:19  Observer  
  68  12:37  Adept, Gateway  
  68  12:38  Adept x4  
  68  12:40  Gateway  
  68  12:43  Gateway  
  76  12:47  Gateway  
  76  12:48  Photon Cannon  
  76  12:49  Photon Cannon  
  76  12:50  Gateway  
  76  12:55  Photon Cannon  
  76  12:56  Pylon  
  76  12:59  Mothership Core  
  72  13:14  Immortal  
  72  13:15  Adept x5  
  82  14:00  Pylon  
  82  14:20  Dark Templar  
  84  14:34  Nexus, Stalker  
  84  14:35  Observer, Stalker x3  
  93  14:49  Probe  
  93  14:50  Probe  
  93  15:03  Adept x4  
  93  15:04  Adept x2  
  105  15:19  Pylon  
  105  15:20  Pylon  
  105  15:25  Pylon  
  98  15:48  Adept x4  
  98  15:49  Adept x4  
  111  15:50  Adept x2  
  111  15:54  Probe  
  111  15:55  Probe  
  113  16:02  Assimilator  
  113  16:03  Assimilator  
  113  16:08  Blink, Protoss Ground Armor Level 1 (Chrono Boost)  
  113  16:10  Probe x2  
  113  16:11  Templar Archives  
  115  16:26  Nexus  
  98  17:06  Adept x5  
  98  17:07  Adept x4  
  109  17:08  Probe  
  109  17:09  Probe x2  
  112  17:21  Immortal  
  112  17:24  Nexus  
  116  17:32  Pylon  
  116  17:34  High Templar  
  116  17:35  High Templar  
  116  17:36  High Templar x2, Photon Cannon  
  124  17:37  High Templar x4  
  124  17:38  High Templar x2  
  124  17:40  Archon x2  
  124  17:41  Archon x3  
  126  18:21  Adept x3  
  126  18:22  Adept x5  
  126  18:23  Adept x2  
  114  19:03  Adept x5  
  114  19:04  Adept x4  
  132  19:25  Assimilator  
  132  19:27  Assimilator  
  132  19:43  Stalker x4  
  132  19:44  Stalker x3  
  138  19:46  Stalker  
Tags
 
League
GoldGold
Matchup
PvP
Replay Pack
All Mines
Spawn Locations
Cross Positions
Add a new tag
Caveats
  • Supply blocks, unpowered buildings, or Contaminate may cause inaccurate times.
  • Supply counts are checked every 10 seconds.